[Event "Swedish Chess Championship 2019: Weekend 1"]
[Site "Stiga Sports Arena, Arenatorget 1, Eskilstuna, Sweden"]
[Date "2019.07.05"]
[Round "1.1"]
[White "Svorono, Gabriel"]
[Black "Westerberg, Jonathan"]
[Result "0-1"]
[TimeControl "90 minutes + 30 seconds per move from move one"]
[BlackTitle "IM"]
[WhiteFideId "1715623"]
[BlackFideId "1701754"]
[WhiteElo "2098"]
[BlackElo "2546"]

1. e4 c5 2. Nf3 Nc6 3. d4 cxd4 4. Nxd4 Nf6 5. Nc3 d6 6. f3 e5 7. Nb3 Be6 8. Nd5 Bxd5 9. exd5 Nb8 10.
Bd3 Nbd7 11. c4 g6 12. O-O Bg7 13. Be3 O-O 14. Qd2 a5 15. Rfe1 a4 16. Nc1 a3 17. Rb1 axb2 18. Rxb2 b6 19.
Ne2 Nc5 20. Nc3 e4 21. Bxe4 Nfxe4 22. fxe4 Qf6 23. Rc2 Ra3 24. Nb5 Nxe4 25. Qe2 Nc3 26. Nxc3 Rxc3 27. Bxb6 Rc8 28. Rec1 R8xc4 29. Qxc4 Rxc4 30. Rxc4 h5 31. a4 Qe5 32. a5 Qxd5 33. a6 Qb5 34. Rc6 Qxa6 35. Rxd6 Be5 36. Rd8+ Kh7 37. Bf2 Qf6 38.
Rd7 Bxh2+ 39. Kxh2 Qf4+ 40. Bg3 Qxc1 41. Rxf7+ Kg8 42. Rc7 Qe3 43. Rc2 g5 44. Bc7 Kg7 45. Bd6 Kg6 46. Bc5 Qe4 0-1

[Event "Swedish Chess Championship 2019: Weekend 1"]
[Site "Stiga Sports Arena, Arenatorget 1, Eskilstuna, Sweden"]
[Date "2019.07.05"]
[Round "1.2"]
[White "Namini, Armin"]
[Black "Tolen, Michael"]
[Result "1-0"]
[TimeControl "90 minutes + 30 seconds per move from move one"]
[WhiteFideId "1706322"]
[BlackFideId "1714376"]
[WhiteElo "2241"]
[BlackElo "2026"]

1. c4 e6 2. g3 d5 3. Bg2 f5 4. Nf3 Nf6 5. O-O Bd6 6. d3 O-O 7. Nc3 Qe8 8. e4 dxe4 9. dxe4 Nc6 10.
exf5 exf5 11. Nb5 Ne4 12. Ng5 Nxg5 13. Bxg5 Qg6 14. Nxd6 cxd6 15. Bf4 Be6 16. b3 Rad8 17. Re1 Bf7 18.
Qd2 Rd7 19. c5 Ne7 20. Rad1 Nc8 21. c6 bxc6 22. Bxc6 Rc7 23. Bf3 Rd7 24. Qa5 Nb6 25. Bc6 Rdd8 26. Qxa7 Nc8 27. Qa5 Qf6 28.
h4 h6 29. Bf3 g5 30. hxg5 hxg5 31. Be3 Qg6 32. Bd4 g4 33. Bg2 Rfe8 34. Bc6 Rxe1+ 35. Rxe1 d5 36. Qxd8+ 1-0

[Event "Swedish Chess Championship 2019: Weekend 1"]
[Site "Stiga Sports Arena, Arenatorget 1, Eskilstuna, Sweden"]
[Date "2019.07.05"]
[Round "1.3"]
[White "Mardell, Jonas"]
[Black "Eriksson, Kristian"]
[Result "1-0"]
[TimeControl "90 minutes + 30 seconds per move from move one"]
[WhiteFideId "1705636"]
[BlackFideId "1705172"]
[WhiteElo "2024"]
[BlackElo "2123"]

1. e4 e5 2. Nc3 Nf6 3. f4 d5 4. fxe5 Nxe4 5. Nf3 Be7 6. Qe2 Nxc3 7. dxc3 O-O 8. Bf4 c6 9. O-O-O Bg4 10.
Qf2 Bxf3 11. gxf3 Bg5 12. Bxg5 Qxg5+ 13. f4 Qh6 14. Rd3 Nd7 15. Rh3 Qe6 16. Qh4 h6 17. Rg1 Kh8 18. Bd3 Nc5 19.
Qh5 Nxd3+ 20. cxd3 Kh7 21. Rxg7+ Kxg7 22. f5 Qxe5 23. Qxh6+ Kg8 24. Qh7# 1-0

[Event "Swedish Chess Championship 2019: Weekend 1"]
[Site "Stiga Sports Arena, Arenatorget 1, Eskilstuna, Sweden"]
[Date "2019.07.05"]
[Round "1.4"]
[White "Nordebrink, Johan"]
[Black "Wallgren, Ulf"]
[Result "1/2-1/2"]
[TimeControl "90 minutes + 30 seconds per move from move one"]
[WhiteFideId "1706721"]
[BlackFideId "1706527"]
[WhiteElo "2109"]
[BlackElo "2013"]

1. e4 d5 2. exd5 Qxd5 3. Nf3 Bg4 4. Be2 Nc6 5. h3 Bxf3 6. Bxf3 Qe5+ 7. Qe2 Qxe2+ 8. Bxe2 e5 9. O-O Nf6 10.
Bb5 Bd6 11. Bxc6+ bxc6 12. d3 Kd7 13. Nd2 Nd5 14. Nc4 Rae8 15. Rd1 f5 16. Ne3 f4 17. Nf5 g5 18. c4 Ne7 19. Nh6 Rhf8 20.
Bd2 c5 21. Bc3 Nc6 22. Rac1 Re6 23. Ng4 h5 24. Nh2 Rg8 25. f3 Ne7 26. Be1 Nf5 27. Bf2 Rb8 28. Rc2 Rg6 29. Re1 Rgg8 30.
b3 a5 31. Rb2 Rb7 32. Nf1 g4 33. hxg4 hxg4 34. fxg4 Nh6 35. Nd2 Nxg4 36. Ne4 Kc6 37. Kf1 Nh2+ 38. Kg1 Nf3+ 39. Kf1 Nxe1 40.
Bxe1 a4 41. Bc3 axb3 42. axb3 Rgb8 43. Nd2 Kd7 44. Ra2 Ke6 45. Ra5 Rg8 46. Ra3 Rg3 47. Nf3 Rb8 48. Be1 Rgg8 49. Nd2 Ra8 50.
Rxa8 Rxa8 51. Ke2 Kf5 52. Kf3 Ra2 53. Ne4 Rb2 54. g4+ fxg3 55. Nxg3+ Ke6 56. Ke4 Rxb3 57. Bf2 Rb2 58. Be3 Rh2 59.
Kf3 Rh3 60. Kg4 Rh8 61. Kf3 Be7 62. Ke2 Rh3 63. Ne4 Kf5 64. Bxc5 Bxc5 65. Nxc5 c6 66. Kf2 Kf6 67. Kg2 Rh8 68.
Kf3 Rh4 69. Ke3 Rd4 70. Nb3 Rd8 71. Nc5 Rh8 72. Ke4 Rh4+ 73. Ke3 Ke7 74. Nb7 Kd7 75. Nc5+ Kc7 76. Ne6+ Kd6 77. Ng5 Kc5 78.
Nf3 Rh3 79. Ke4 Rxf3 80. Kxf3 Kd4 81. Ke2 c5 82. Kd2 e4 83. dxe4 Kxe4 84. Kc3 Ke3 85. Kb2 Kd4 86. Kb3 Ke4 1/2-1/2

[Event "Swedish Chess Championship 2019: Weekend 1"]
[Site "Stiga Sports Arena, Arenatorget 1, Eskilstuna, Sweden"]
[Date "2019.07.05"]
[Round "1.5"]
[White "Johansson, Roland"]
[Black "Jakenberg, Jussi"]
[Result "1/2-1/2"]
[TimeControl "90 minutes + 30 seconds per move from move one"]
[WhiteFideId "1716123"]
[BlackFideId "1710931"]
[WhiteElo "2002"]
[BlackElo "2099"]

1. e4 g6 2. d4 Bg7 3. Nc3 c6 4. Be3 d5 5. e5 f6 6. exf6 Nxf6 7. f3 Qb6 8. Qd2 Qxb2 9. Rb1 Qa3 10.
h4 Nbd7 11. Rb3 Qa5 12. Bh6 Bxh6 13. Qxh6 Qc7 14. Bd3 Qg3+ 15. Kf1 Rf8 16. Nge2 Qd6 17. Ke1 Kd8 18. Kd1 Kc7 19. Re1 e5 20.
dxe5 Nxe5 21. Nd4 Bd7 22. Ncb5+ cxb5 23. Rc3+ Kb6 24. Qe3 Neg4 25. Qg1 Qh2 26.
Qf1 a6 27. Bxb5 Bxb5 28. Re6+ Ka7 29. Nxb5+ axb5 30. Qxb5 Qg1+ 31. Re1 Nf2+ 32. Kd2 N6e4+ 33. fxe4 Nxe4+ 34. Rxe4 Rf2+ 35. Re2 Rxe2+ 36. Qxe2 1/2-1/2

[Event "Swedish Chess Championship 2019: Weekend 1"]
[Site "Stiga Sports Arena, Arenatorget 1, Eskilstuna, Sweden"]
[Date "2019.07.05"]
[Round "1.6"]
[White "Andric, Jelena"]
[Black "Eriksson, Joel"]
[Result "1/2-1/2"]
[TimeControl "90 minutes + 30 seconds per move from move one"]
[WhiteTitle "WFM"]
[WhiteFideId "919853"]
[BlackFideId "1729233"]
[WhiteElo "2099"]
[BlackElo "1998"]

1. c4 b6 2. Nc3 Bb7 3. e4 e6 4. a3 c5 5. g3 f5 6. Bg2 Nf6 7. d3 Be7 8. Nge2 O-O 9. O-O fxe4 10.
dxe4 a6 11. e5 Bxg2 12. exf6 Bxf1 13. fxe7 Qxe7 14. Qxf1 Nc6 15. Be3 Ne5 16. Nf4 g5 17. Ng2 Nf3+ 18. Kh1 Qg7 19. Ne1 h6 20.
Nxf3 Rxf3 21. Rd1 Raf8 22. Qd3 R8f7 23. Qd6 Qf6 24. Qd2 Qf5 25. Kg2 Qg4 26. h3 Qxc4 27. Qd3 Qxd3 28. Rxd3 d5 29.
Nxd5 exd5 30. Rxd5 R3f5 31. Rd6 R5f6 32. Rd8+ Kh7 33. f4 Re6 34. Kf3 Rfe7 35. Bd2 gxf4 36. gxf4 Kg6 37. Rd5 Rf7 38.
Kg4 Ref6 39. h4 Kh7 40. h5 Rg7+ 41. Kf3 Rgf7 42. Kg4 Rg7+ 1/2-1/2

[Event "Swedish Chess Championship 2019: Weekend 1"]
[Site "Stiga Sports Arena, Arenatorget 1, Eskilstuna, Sweden"]
[Date "2019.07.05"]
[Round "1.7"]
[White "Bjornvall, Tord"]
[Black "Eriksson, Hans"]
[Result "0-1"]
[TimeControl "90 minutes + 30 seconds per move from move one"]
[WhiteFideId "1716557"]
[BlackFideId "1737040"]
[WhiteElo "1997"]
[BlackElo "1936"]

1. e4 c5 2. d4 cxd4 3. c3 dxc3 4. Nxc3 e6 5. Nf3 Ne7 6. Bc4 Ng6 7. O-O Be7 8. Qe2 a6 9. Be3 O-O 10.
Rfd1 Nc6 11. a3 b5 12. Ba2 Bb7 13. Rac1 Rc8 14. Nd4 Nxd4 15. Bxd4 Bc5 16. Nxb5 Bxd4 17. Nxd4 Qg5 18. Rxc8 Rxc8 19.
Nf3 Qg4 20. Bb1 Nh4 0-1

[Event "Swedish Chess Championship 2019: Weekend 1"]
[Site "Stiga Sports Arena, Arenatorget 1, Eskilstuna, Sweden"]
[Date "2019.07.05"]
[Round "1.8"]
[White "Johansson, Roy"]
[Black "Svedberg, Hans"]
[Result "1/2-1/2"]
[TimeControl "90 minutes + 30 seconds per move from move one"]
[WhiteFideId "1745972"]
[BlackFideId "1705113"]
[WhiteElo "1932"]
[BlackElo "1993"]

1. d4 Nf6 2. Bf4 g6 3. e3 Bg7 4. h3 O-O 5. Nf3 d6 6. Be2 c5 7. c3 Qb6 8. Qb3 Be6 9. Qa3 cxd4 10.
exd4 Nd5 11. Bh2 Bh6 12. O-O Nf4 13. Bxf4 Bxf4 14. Nbd2 Nc6 15. Rad1 d5 16. Nb3 Bd6 17. Nc5 a5 18.
Na4 Qc7 19. Qb3 Rab8 20. Ng5 b5 21. Nc5 Bxc5 22. dxc5 a4 23. Qc2 Qe5 24. Nf3 Qc7 25. Qd2 f6 26. Nd4 Nxd4 27. cxd4 Bf7 28.
Bf3 Kg7 1/2-1/2

[Event "Swedish Chess Championship 2019: Weekend 1"]
[Site "Stiga Sports Arena, Arenatorget 1, Eskilstuna, Sweden"]
[Date "2019.07.05"]
[Round "1.9"]
[White "Wallenas, Joakim"]
[Black "Johansson, Sven"]
[Result "1-0"]
[TimeControl "90 minutes + 30 seconds per move from move one"]
[WhiteFideId "1728458"]
[BlackFideId "1716301"]
[WhiteElo "1991"]
[BlackElo "1927"]

1. e4 d6 2. d4 Nf6 3. Nc3 Nbd7 4. Bc4 e5 5. Nf3 Be7 6. O-O c6 7. Bg5 Qc7 8. dxe5 dxe5 9. Qe2 Nf8 10.
Rad1 Bg4 11. Bb3 h6 12. Bxf6 Bxf6 13. Qc4 Ne6 14. Ne2 O-O 15. Rd3 Rad8 16. h3 Rxd3 17. Qxd3 Bxf3 18. Qxf3 Nd4 19.
Nxd4 exd4 20. Qd3 Be5 21. g3 Qd7 22. Kg2 b5 23. f4 Bc7 24. c4 Bb6 25. Rc1 a5 26. c5 Ba7 27. e5 Re8 28.
e6 Rxe6 29. Bxe6 Qxe6 30. Qxd4 Qxa2 31. Re1 Qb3 32. Re8+ Kh7 33. Qe4+ g6 34. Qd4 Qd5+ 35. Qxd5 cxd5 36. Rc8 1-0

[Event "Swedish Chess Championship 2019: Weekend 1"]
[Site "Stiga Sports Arena, Arenatorget 1, Eskilstuna, Sweden"]
[Date "2019.07.05"]
[Round "1.10"]
[White "Berglund, Nils-Erik"]
[Black "Thollin, Robert"]
[Result "0-1"]
[TimeControl "90 minutes + 30 seconds per move from move one"]
[WhiteFideId "1710494"]
[BlackFideId "1701630"]
[WhiteElo "1926"]
[BlackElo "1983"]

1. d4 e6 2. c4 f5 3. Nf3 Nf6 4. g3 d5 5. Bg2 c6 6. O-O Bd6 7. b3 Qe7 8. Bb2 a5 9. Nbd2 O-O 10.
Ne5 b6 11. Rc1 Bb7 12. e3 Na6 13. Ndf3 Rac8 14. Ne1 Nb4 15. a3 Na6 16. a4 Nb4 17. N1d3 Nxd3 18. Qxd3 Ne4 19. Qe2 Rc7 20.
cxd5 exd5 21. f3 Nf6 22. Rc2 Nd7 23. f4 Nf6 24. Rfc1 Rfc8 25. h3 Ne4 26. Bxe4 fxe4 27. g4 Qh4 28.
Kg2 Qe7 29. g5 Bxe5 30. dxe5 Rf8 31. Qg4 Bc8 32. Qg3 c5 33. h4 Qe6 34. Bc3 Rd8 35. Bb2 Rf7 36. Kh2 Bb7 37. Qh3 Rf5 38.
Rd1 Qf7 39. Rf2 Bc8 40. Qg3 Qh5 41. Rdd2 Be6 42. Rg2 Qe8 43. Qe1 Rd7 44. Rgf2 Qh5 45. Kg3 Rf8 46. Qe2 Qf7 47. Qb5 Qf5 48.
Rh2 Qg4+ 49. Kf2 Qf3+ 50. Ke1 Qxe3+ 51. Rde2 Qg3+ 52. Kd1 Rxf4 53. Rhg2 Qh3 54. Kc2 d4 0-1

[Event "Swedish Chess Championship 2019: Weekend 1"]
[Site "Stiga Sports Arena, Arenatorget 1, Eskilstuna, Sweden"]
[Date "2019.07.05"]
[Round "1.11"]
[White "Forsberg, Andre"]
[Black "Nyberg, Stefan"]
[Result "0-1"]
[TimeControl "90 minutes + 30 seconds per move from move one"]
[WhiteFideId "1724193"]
[BlackFideId "1737171"]
[WhiteElo "1982"]
[BlackElo "1921"]

1. e4 e5 2. Nf3 Nc6 3. Bc4 Bc5 4. c3 Nf6 5. d3 h6 6. O-O O-O 7. Nbd2 d6 8. h3 a6 9. Bb3 Be6 10.
Re1 Bxb3 11. Qxb3 Qd7 12. Nf1 Nh5 13. Qd1 f5 14. Nh4 fxe4 15. d4 Qf7 16. dxc5 Qxf2+ 17. Kh2 Qxh4 18. Qd5+ Kh8 19.
Rxe4 Nf6 20. Rxh4 Nxd5 21. Ng3 Nf4 22. cxd6 cxd6 23. Ne4 Nd3 24. Bxh6 gxh6 25. Rxh6+ Kg7 26. Rxd6 Rad8 27. Rd1 Nxb2 28.
Rb1 Rxd6 29. Nxd6 Rf2 30. Kg1 Rd2 31. Nxb7 e4 32. Nc5 e3 33. Ne4 Rc2 34. Re1 Nc4 35. g4 N6e5 36. Kf1 Nf3 37.
Re2 Nfd2+ 38. Kg2 Rxa2 39. h4 Rb2 40. Nc5 a5 41. g5 Ra2 42. h5 Rc2 43. Ne6+ Kf7 44. Nd4 Rxc3 45. g6+ Kg8 46.
Nf5 Ne4 47. h6 Nf6 48. Ne7+ Kh8 49. Kg3 Ne5 50. g7+ Kh7 51. Nf5 a4 52. Kf4 Ng6+ 53. Kf3 a3 54. Rxe3 a2 55. Rxc3 a1=Q 56.
g8=Q+ Nxg8 57. Rc7+ N8e7 0-1

[Event "Swedish Chess Championship 2019: Weekend 1"]
[Site "Stiga Sports Arena, Arenatorget 1, Eskilstuna, Sweden"]
[Date "2019.07.05"]
[Round "1.12"]
[White "Johansson, Mathias"]
[Black "Mitra, Akash"]
[Result "1-0"]
[TimeControl "90 minutes + 30 seconds per move from move one"]
[WhiteFideId "1723324"]
[BlackFideId "1726714"]
[WhiteElo "1912"]
[BlackElo "1957"]

1. d4 f5 2. Bg5 g6 3. Nd2 h6 4. Bh4 d5 5. e3 Nf6 6. Ngf3 Nbd7 7. c4 c6 8. cxd5 cxd5 9. Qa4 Kf7 10.
Qb3 Qb6 11. Rc1 Qxb3 12. Nxb3 Ne4 13. Rc7 g5 14. Bg3 Nxg3 15. hxg3 g4 16. Bb5 gxf3 17. Bxd7 fxg2 18. Rg1 Bg7 19.
Rxg2 Rb8 20. f3 Bxd7 21. Rxd7 Rhd8 22. Rc7 Rd6 23. Rgc2 Ra6 24. a3 Rb6 25. Nc5 Rg6 26. Kf2 Bf6 27.
Nxb7 Rbg8 28. Rc8 Rxc8 29. Rxc8 e5 30. Rc7+ Ke6 31. Nc5+ Kd6 32. Rxa7 exd4 33. Nd3 dxe3+ 34. Kxe3 Rxg3 35.
Kf4 Rg2 36. Kxf5 Bxb2 37. Ra6+ Ke7 38. Nxb2 Rxb2 39. Rxh6 Rb3 40. f4 Rxa3 41. Ke5 Ra5 42. Rh7+ Kf8 43. Rd7 Ke8 44. Rb7 Kf8 45.
f5 d4+ 46. Kf6 Ra6+ 47. Ke5 Ra5+ 48. Kf6 Ra6+ 49. Kg5 Rd6 50. f6 Rd8 51. Kg6 d3 52. Rh7 Ke8 53. Rh8+ Kd7 54. Rxd8+ Kxd8 55.
f7 d2 56. f8=Q+ Kd7 57. Qf1 1-0

[Event "Swedish Chess Championship 2019: Weekend 1"]
[Site "Stiga Sports Arena, Arenatorget 1, Eskilstuna, Sweden"]
[Date "2019.07.06"]
[Round "2.1"]
[White "Westerberg, Jonathan"]
[Black "Namini, Armin"]
[Result "1-0"]
[TimeControl "90 minutes + 30 seconds per move from move one"]
[WhiteTitle "IM"]
[WhiteFideId "1701754"]
[BlackFideId "1706322"]
[WhiteElo "2546"]
[BlackElo "2241"]

1. d4 Nf6 2. Nf3 g6 3. Nbd2 c5 4. dxc5 Qa5 5. a3 Qxc5 6. b4 Qb6 7. Bb2 Bg7 8. e3 O-O 9. Be2 d6 10.
O-O Bd7 11. c4 Rc8 12. Qb3 Qd8 13. Bc3 h6 14. Qb2 Qf8 15. Rac1 Be8 16. Rfe1 Nbd7 17. e4 Nb6 18. e5 dxe5 19.
Bxe5 Na4 20. Qb3 h5 21. c5 Bh6 22. Rcd1 a5 23. Bxf6 exf6 24. Ne4 Bc6 25. Nxf6+ Kh8 26. Nd7 Qg7 27.
Nde5 Be8 28. c6 f6 29. Rd7 Bxd7 30. Nf7+ Kh7 31. cxd7 Rc3 32. Qe6 axb4 33. axb4 Qf8 34. d8=Q Rxd8 35.
Nxd8 Qxd8 36. Qf7+ Bg7 37. Nh4 Qd2 38. Qxg6+ Kh8 39. Qxh5+ Bh6 40. Qe8+ Kh7 41. Bf1 1-0

[Event "Swedish Chess Championship 2019: Weekend 1"]
[Site "Stiga Sports Arena, Arenatorget 1, Eskilstuna, Sweden"]
[Date "2019.07.06"]
[Round "2.2"]
[White "Jakenberg, Jussi"]
[Black "Mardell, Jonas"]
[Result "1/2-1/2"]
[TimeControl "90 minutes + 30 seconds per move from move one"]
[WhiteFideId "1710931"]
[BlackFideId "1705636"]
[WhiteElo "2099"]
[BlackElo "2024"]

1. e4 c5 2. Nf3 d6 3. Bb5+ Nd7 4. c3 a6 5. Ba4 Ngf6 6. Qe2 Qc7 7. O-O c4 8. Bc2 b5 9. a4 Rb8 10.
axb5 axb5 11. d3 e5 12. Na3 Nc5 13. dxc4 bxc4 14. Nxc4 Bb7 15. Nfd2 Be7 16. f3 h5 17. b4 Ne6 18. Nb3 d5 19. Nca5 Ba8 20.
Bd2 d4 21. cxd4 Qxc2 22. dxe5 Nxe4 23. fxe4 Bxb4 1/2-1/2

[Event "Swedish Chess Championship 2019: Weekend 1"]
[Site "Stiga Sports Arena, Arenatorget 1, Eskilstuna, Sweden"]
[Date "2019.07.06"]
[Round "2.3"]
[White "Eriksson, Joel"]
[Black "Nordebrink, Johan"]
[Result "0-1"]
[TimeControl "90 minutes + 30 seconds per move from move one"]
[WhiteFideId "1729233"]
[BlackFideId "1706721"]
[WhiteElo "1998"]
[BlackElo "2109"]

1. d4 Nf6 2. Bg5 c5 3. Nc3 e6 4. d5 d6 5. e4 a6 6. a4 Be7 7. Bf4 e5 8. Bg3 Qa5 9. f3 O-O 10.
Bd3 Nh5 11. Nge2 Qb4 12. b3 Qa5 13. O-O Nxg3 14. hxg3 Bg5 15. f4 exf4 16. gxf4 Bf6 17. e5 dxe5 18. Ne4 Qb6 19.
Nxf6+ Qxf6 20. Qd2 Bg4 21. Ng3 Nd7 22. Rae1 Rae8 23. Bc4 exf4 24. Rxe8 Rxe8 25. Rxf4 Re1+ 26. Nf1 Qg5 27. Qf2 Ne5 28. Qg3 Nxc4 29. bxc4 h5 30. Rxf7 Kxf7 31. Qxe1 Qf6 32. Qe3 Qd4 33. Kf2 Qxc4 34. Qd2 Qxa4 35. Ne3 Qd4 0-1

[Event "Swedish Chess Championship 2019: Weekend 1"]
[Site "Stiga Sports Arena, Arenatorget 1, Eskilstuna, Sweden"]
[Date "2019.07.06"]
[Round "2.4"]
[White "Wallgren, Ulf"]
[Black "Andric, Jelena"]
[Result "1/2-1/2"]
[TimeControl "90 minutes + 30 seconds per move from move one"]
[BlackTitle "WFM"]
[WhiteFideId "1706527"]
[BlackFideId "919853"]
[WhiteElo "2013"]
[BlackElo "2099"]

1. e4 e6 2. d4 c5 3. c3 b6 4. Nf3 Bb7 5. Bd3 d6 6. O-O g6 7. Re1 Nd7 8. Nbd2 Qc7 9. Qe2 Ne7 10.
Nf1 Bg7 11. Bg5 f6 12. Bd2 O-O-O 13. b4 Nc6 14. a4 a5 15. Rab1 Rhe8 16. Bb5 e5 17. d5 Na7 18. bxa5 bxa5 19.
Rb2 c4 20. Bxc4 Nc5 21. Reb1 Ba8 22. Ba6+ Kd7 23. Bb5+ Nxb5 24. Qxb5+ Ke7 25. c4 Rb8 26. Qxa5 Qxa5 27. Bxa5 Rxb2 28.
Rxb2 Nxa4 29. Rb4 Nc5 30. N1d2 Bh6 31. Bb6 Nd7 32. Ba7 Rc8 33. Kf1 f5 34. Ke2 Rc7 35. Ra4 Bb7 36. Be3 Bxe3 37.
Kxe3 Nc5 38. Ra7 Kf6 39. Ne1 fxe4 40. Nc2 Rf7 41. Na3 Bxd5 42. Rxf7+ Bxf7 43. Nxe4+ Nxe4 44. Kxe4 Ke6 45. f4 exf4 46.
Kxf4 h6 47. Ke4 g5 48. Nb5 Kd7 49. Kd4 Kc6 50. Nc3 Be6 51. Ne4 Bf5 52. Nf6 Be6 53. g3 Bf7 54. Ng4 h5 55. Nf6 h4 56.
Ne4 hxg3 57. hxg3 g4 58. Ng5 Bg6 59. Ne6 Bc2 60. Nf4 Bd1 61. Ng2 Bf3 62. Ne1 Bd1 63. Nd3 1/2-1/2

[Event "Swedish Chess Championship 2019: Weekend 1"]
[Site "Stiga Sports Arena, Arenatorget 1, Eskilstuna, Sweden"]
[Date "2019.07.06"]
[Round "2.5"]
[White "Tolen, Michael"]
[Black "Svorono, Gabriel"]
[Result "1-0"]
[TimeControl "90 minutes + 30 seconds per move from move one"]
[WhiteFideId "1714376"]
[BlackFideId "1715623"]
[WhiteElo "2026"]
[BlackElo "2098"]

1. e4 c5 2. d4 cxd4 3. c3 dxc3 4. Nxc3 Nc6 5. Nf3 e6 6. Bc4 a6 7. O-O Nge7 8. Bg5 h6 9. Bh4 b5 10. Bb3 Bb7 11. e5 Qb8 12.
Qe2 Nf5 13. Bg3 Nxg3 14. hxg3 d5 15. Nxd5 exd5 16. e6 f6 17. Qd3 Ne5 18. Nxe5 Qxe5 19. Qg6+ Kd8 20. Rfe1 Qg5 21. e7+ Bxe7 22.
Qf7 f5 23. Rad1 Qf6 24. Bxd5 Qxf7 25. Bxf7+ Bd6 26. Rxd6+ Kc7 27. Rg6 Rad8 28. Re7+ Rd7 29. Rxd7+ Kxd7 30. Rxg7 Kd6 31. Bb3 Bc6 32. Rg6+ Kc5 33. Rf6 Be4 34.
Rxa6 Bc6 35. Bc2 Re8 36. b4+ Kd5 37. Bxf5 Re1+ 38. Kh2 Rc1 39. Bg4 Kd4 40. Bf3 Be8 41. Rd6+ Kc3 42. Bc6 Bf7 43.
Bxb5 Kxb4 44. a4 1-0

[Event "Swedish Chess Championship 2019: Weekend 1"]
[Site "Stiga Sports Arena, Arenatorget 1, Eskilstuna, Sweden"]
[Date "2019.07.06"]
[Round "2.6"]
[White "Eriksson, Kristian"]
[Black "Johansson, Roland"]
[Result "1/2-1/2"]
[TimeControl "90 minutes + 30 seconds per move from move one"]
[WhiteFideId "1705172"]
[BlackFideId "1716123"]
[WhiteElo "2123"]
[BlackElo "2002"]

1. e4 c5 2. Nc3 Nc6 3. Bb5 g6 4. Bxc6 dxc6 5. d3 Bg7 6. f4 Nf6 7. Nf3 O-O 8. O-O Bg4 9. Qe1 c4 10.
dxc4 Bxf3 11. Rxf3 Qd4+ 12. Be3 Qxc4 13. b3 Qb4 14. a3 Qa5 15. b4 Qc7 16. e5 Nd5 17. Ne4 Nxe3 18. Rxe3 a5 19.
Rd1 axb4 20. axb4 1/2-1/2

[Event "Swedish Chess Championship 2019: Weekend 1"]
[Site "Stiga Sports Arena, Arenatorget 1, Eskilstuna, Sweden"]
[Date "2019.07.06"]
[Round "2.7"]
[White "Eriksson, Hans"]
[Black "Wallenas, Joakim"]
[Result "1/2-1/2"]
[TimeControl "90 minutes + 30 seconds per move from move one"]
[WhiteFideId "1737040"]
[BlackFideId "1728458"]
[WhiteElo "1936"]
[BlackElo "1991"]

1. e4 e5 2. Nf3 Nc6 3. Bc4 Bc5 4. c3 Nf6 5. d3 d6 6. Bb3 O-O 7. h3 h6 8. O-O Be6 9. Re1 Qd7 10.
Bxe6 fxe6 11. Nbd2 Ne7 12. b4 Bb6 13. Nc4 Ng6 14. a4 c6 15. Nxb6 axb6 16. Be3 c5 17. Qb3 Rf7 18. a5 bxa5 19.
Rxa5 Rxa5 20. bxa5 Qc8 21. Qb6 Rd7 22. Nd2 Nf4 23. Bxf4 exf4 24. Nc4 Ne8 25. e5 Qd8 26. Qxd8 Rxd8 27.
exd6 Nxd6 28. Rxe6 Nxc4 29. dxc4 Ra8 30. Rb6 Rxa5 31. Rxb7 Ra4 1/2-1/2

[Event "Swedish Chess Championship 2019: Weekend 1"]
[Site "Stiga Sports Arena, Arenatorget 1, Eskilstuna, Sweden"]
[Date "2019.07.06"]
[Round "2.8"]
[White "Thollin, Robert"]
[Black "Johansson, Mathias"]
[Result "1/2-1/2"]
[TimeControl "90 minutes + 30 seconds per move from move one"]
[WhiteFideId "1701630"]
[BlackFideId "1723324"]
[WhiteElo "1983"]
[BlackElo "1912"]

1. e4 e6 2. d4 d5 3. exd5 exd5 4. Nc3 Nc6 5. Be3 Nf6 6. Bb5 a6 7. Bxc6+ bxc6 8. Nge2 Bd6 9. Qd2 Rb8 10.
Rb1 Bf5 11. Ng3 Bg6 12. O-O O-O 13.
Nce2 Qd7 14. Nf4 Ne4 15. Qd1 Nxg3 16. fxg3 Be4 17. Nd3 Rfe8 18. Qd2 Qe7 19. Rfe1 Bxd3 20. Qxd3 Qe4 1/2-1/2

[Event "Swedish Chess Championship 2019: Weekend 1"]
[Site "Stiga Sports Arena, Arenatorget 1, Eskilstuna, Sweden"]
[Date "2019.07.06"]
[Round "2.9"]
[White "Nyberg, Stefan"]
[Black "Johansson, Roy"]
[Result "0-1"]
[TimeControl "90 minutes + 30 seconds per move from move one"]
[WhiteFideId "1737171"]
[BlackFideId "1745972"]
[WhiteElo "1921"]
[BlackElo "1932"]

1. d4 f5 2. Nf3 Nf6 3. g3 g6 4. Bg2 Bg7 5. O-O O-O 6. c4 d6 7. Nc3 Nc6 8. Rb1 e5 9. dxe5 dxe5 10.
Be3 Be6 11. b3 h6 12. Bc5 Rf7 13. Nh4 Kh7 14. Bxc6 bxc6 15. Qxd8 Rxd8 16. Bxa7 Nd7 17. Be3 e4 18. Na4 Ra8 19.
Rbc1 Be5 20. Rfd1 g5 21. Ng2 f4 22. Bd4 Bd6 23. e3 Bg4 24. Re1 f3 25. Nc3 c5 26. Na4 0-1

[Event "Swedish Chess Championship 2019: Weekend 1"]
[Site "Stiga Sports Arena, Arenatorget 1, Eskilstuna, Sweden"]
[Date "2019.07.06"]
[Round "2.10"]
[White "Svedberg, Hans"]
[Black "Bjornvall, Tord"]
[Result "1/2-1/2"]
[TimeControl "90 minutes + 30 seconds per move from move one"]
[WhiteFideId "1705113"]
[BlackFideId "1716557"]
[WhiteElo "1993"]
[BlackElo "1997"]

1. b3 Nc6 2. Bb2 e5 3. e3 d5 4. Bb5 Bd6 5. Bxc6+ bxc6 6. Ne2 Ne7 7. c4 O-O 8. Qc2 Bf5 9.
d3 dxc4 10. Qxc4 Bxd3 11. Qc1 Qd7 12. f3 Nd5 13. Kf2 Nb4 14. Rd1 Ba6 15. Qc3 Nd5 16. Qa5 Bb5 17. Nbc3 Nxe3 18. Rd2 Nf5 19.
Nxb5 cxb5 20. Bxe5 Qe7 21. Bxd6 Qe3+ 22. Kf1 cxd6 23. Qc3 Qb6 24. Nd4 Rac8 25. Qd3 Nxd4 26. Qxd4 Qa5 27. Re1 Rfe8 28.
Rxe8+ Rxe8 29. Qxd6 Qc3 30. Qd4 Qc1+ 31. Rd1 Qc2 32. Qd2 Qc7 33. Qd7 1/2-1/2

[Event "Swedish Chess Championship 2019: Weekend 1"]
[Site "Stiga Sports Arena, Arenatorget 1, Eskilstuna, Sweden"]
[Date "2019.07.06"]
[Round "2.11"]
[White "Johansson, Sven"]
[Black "Forsberg, Andre"]
[Result "1-0"]
[TimeControl "90 minutes + 30 seconds per move from move one"]
[WhiteFideId "1716301"]
[BlackFideId "1724193"]
[WhiteElo "1927"]
[BlackElo "1982"]

1. d4 Nf6 2. Bf4 c5 3. d5 Qb6 4. Nf3 Qxb2 5. Be5 Qb6 6. Nc3 d6 7. Rb1 Qa5 8. Rb5 Qc7 9. Bg3 a6 10.
Rb3 b5 11. e4 b4 12. e5 Nh5 13. Ne4 Nxg3 14. hxg3 Bf5 15. Neg5 dxe5 16. Nh4 e6 17. Bc4 Bd6 18. dxe6 fxe6 19.
Nxf5 exf5 20. Nf7 1-0

[Event "Swedish Chess Championship 2019: Weekend 1"]
[Site "Stiga Sports Arena, Arenatorget 1, Eskilstuna, Sweden"]
[Date "2019.07.06"]
[Round "2.12"]
[White "Mitra, Akash"]
[Black "Berglund, Nils-Erik"]
[Result "1-0"]
[TimeControl "90 minutes + 30 seconds per move from move one"]
[WhiteFideId "1726714"]
[BlackFideId "1710494"]
[WhiteElo "1957"]
[BlackElo "1926"]

1. e4 e6 2. Nf3 d5 3. Nc3 c5 4. exd5 exd5 5. Bb5+ Nc6 6. Qe2+ Be6 7. d4 Be7 8. O-O a6 9. Bxc6+ bxc6 10.
dxc5 Bf6 11. Be3 Ne7 12. Bd4 Nf5 13. Bxf6 Qxf6 14. Qe5 Qxe5 15. Nxe5 Rc8 16. Ne2 f6 17. Nd3 Kf7 18. h3 Rhe8 19. Rfe1 Bd7 20. g4 Nh4 21. Nd4 Re4 22.
Rxe4 dxe4 23. Nf4 g5 24. Nh5 Re8 25. Re1 Kg6 26. Ng3 Re5 27. b4 Nf3+ 28. Nxf3 exf3 29. Rxe5 fxe5 30. Ne4 Be6 31.
a4 Bc4 32. Nd2 Be2 33. Nb3 Bc4 34. Na5 Bd5 35. c4 1-0